cohdb
Replays
Latest Replays
All Replays
Popular Replays
Top Player Replays
Match Explorer
How It Works
Community
CoH3 Stats
Reddit
Sign in to upload your games and track your stats! →
Sign in with Steam
Match 41668636
Unlisted
Match 41668636
Overview
Messages
Build Orders
End
Pioneer Squad
Selects Italian Coastal Battlegroup
Selects Coastal Reserves
Coastal Reserve
Construct Infanterie Kompanie
Coastal Reserve
MG 42 Machine Gun Team
Medical Station
Coastal Reserve
Coastal Reserve
Selects Support Bunkers
Construct Panzergrenadier Kompanie
Pak 40 Anti-tank Gun Team
Selects Artillery Officer
Pak 40 Anti-tank Gun Team
Coastal Reserve
Medical Bunker
Selects Designated Artillery Overwatch
Designated Artillery Overwatch
Selects Bulwark
Construct Panzer Kompanie
Infanterie Officer Quarters
Sturmpanzer IV Brummbär
MG 42 Bunker
MG 42 Bunker
kaem
skylight1944
Genocide OPS
hairyt
mp5
Dawes
kondr
Yami
0
0
Comments
sign in to comment!
No comments posted yet!